 Dungeon Crawl Stone Soup version 0.28-a0-1404-g4df0f3684d (webtiles) character file.

Game seed: 11242488124230160350

849 bande the Chopper (level 8, -1/48 HPs)
             Began as a Gargoyle Fighter on Jan 5, 2022.
             Slain by an ice beast (12 damage)
             ... on level 5 of the Dungeon.
             The game lasted 00:08:36 (6321 turns).

bande the Chopper (Gargoyle Fighter)                Turns: 6321, Time: 00:08:37

Health: -1/48      AC: 13    Str: 19    XL:     8   Next: 1%
Magic:  0/17       EV:  9    Int: 10    God:
Gold:   160        SH:  6    Dex: 11    Spells: 7/7 levels left

rFire   . . .      SeeInvis .   a - +0 war axe (freeze)
rCold   . . .      Faith    .   c - +1 buckler
rNeg    + . .      Spirit   +   b - +0 scale mail
rPois   ∞          Reflect  .   (no helmet)
rElec   +          Harm     .   (no cloak)
rCorr   .          Rampage  .   (no gloves)
Will    .....                   (no boots)
Stlth   ..........              l - amulet of guardian spirit
HPRegen 0.16/turn               i - ring of magical power
MPRegen 0.15/turn               (no ring)

@: mighty
A: sickness immunity, AC +5, negative energy resistance 1, electricity
resistance, torment resistance 1, petrification resistance
a: no special abilities


You were on level 5 of the Dungeon.
You visited 1 branch of the dungeon, and saw 5 of its levels.
You also visited: Sewer.

You collected 160 gold pieces.

Inventory:

Hand Weapons
 a - a +0 war axe of freezing (weapon)
 m - a +0 war axe
 o - a +0 flail
Armour
 b - a +0 scale mail (worn)
 c - a +1 buckler (worn)
Jewellery
 i - a ring of magical power (left hand)
 l - an amulet of guardian spirit (around neck)
Wands
 e - a wand of paralysis (5)
 k - a wand of acid (7)
Scrolls
 f - 4 scrolls of fog
 g - a scroll of amnesia {unknown}
 h - a scroll of enchant armour
Potions
 j - a potion of invisibility
 s - a potion of haste {unknown}


   Skills:
 + Level 4.9 Fighting
 + Level 5.2 Axes
 + Level 5.2 Armour
 - Level 0.2 Stealth
 + Level 4.5 Shields
 * Level 2.9 Evocations


You had 7 spell levels left.
You didn't know any spells.
Your spell library was empty.

Dungeon Overview and Level Annotations

Branches:
Dungeon (5/15)              Sewer (visited)
 Temple: D:4-7

Altars:
Cheibriados
Elyvilon
Uskayaw
Wu Jian
The Shining One

Shops:
D:1 =


Innate Abilities, Weirdness & Mutations

You are immune to sickness and miasma.
Your stone body is resilient. (AC +5)
You are immune to poison.
You resist negative energy. (rN+)
You are resistant to electric shocks. (rElec)
You are resistant to unholy torment.
You are immune to petrification.


Message History

The ice beast hits you but does no damage.
You block the orc's attack.
You slash the orc! You freeze the orc.
You kill the orc!
You barely miss the ice beast. The ice beast completely misses you.
You slash the worm! You freeze the worm.
The worm is severely wounded.
You barely miss the ice beast. You block the ice beast's attack.
The worm barely misses you.
The gnoll sergeant hits you but does no damage.
You slash the worm! You freeze the worm.
You kill the worm!
You hit the ice beast but do no damage. The ice beast hits you.
The ice beast freezes you!
The gnoll sergeant hits you from afar with a +0 spear!
The ice beast hits you. The ice beast freezes you!
The gnoll sergeant hits you with a +0 spear.
* * * LOW HITPOINT WARNING * * *
Things that are here:
a +0 hand axe; a +0 dagger; an orc corpse You hit the gnoll sergeant.
You freeze the gnoll sergeant.
The gnoll sergeant is severely wounded.
You hit the ice beast. You block the gnoll sergeant's attack.
The ice beast hits you.
* * * LOW HITPOINT WARNING * * *
The ice beast freezes you!
* * * LOW HITPOINT WARNING * * *
You hit the ice beast.
The ice beast is moderately wounded.
You barely miss the gnoll sergeant.
The gnoll sergeant hits you but does no damage.
You block the ice beast's attack.
It was a potion of curing.
You feel better. You block the gnoll sergeant's attack.
The ice beast hits you but does no damage.
You feel very mighty all of a sudden. The gnoll sergeant barely misses you.
The ice beast hits you.
* * * LOW HITPOINT WARNING * * *
The ice beast freezes you!
You die...

#### ..# ####.#
#..#Y# #..#@#
#..#g# #....# #.#
.###?. #....#.#
#.# ...#.#
#....#.# #.# .#...
#.##.#.# #.# ....#
#. #.#.# #.##..#.#
# #.#.#
#.#.....#.#
#.#.####.#.#......


You could see an ice beast and a gnoll sergeant.

Vanquished Creatures
  Pargi (Sewer)
  An ogre (D:4)
  A phantom (D:4)
  3 water moccasin skeletons
  2 hounds
  A jelly (D:5)
  Natasha (thrice) (D:3)
  A killer bee zombie (D:5)
  9 adders
  4 gnolls (D:3)
  A river rat (D:3)
  2 shadow imps
  An ufetubus (D:5)
  2 worms
  8 orcs
  8 ball pythons
  6 bats
  8 endoplasms
  5 giant cockroaches
  5 goblins
  5 hobgoblins
  11 jackals
  5 kobolds
  8 quokkas
  3 frilled lizards
  8 rats
112 creatures vanquished.

Notes
Turn   | Place    | Note
-------+----------+-------------------------------------------
     0 | D:1      | bande the Gargoyle Fighter began the quest for the Orb.
     0 | D:1      | Reached XP level 1. HP: 14/14 MP: 1/1
    26 | D:1      | Reached XP level 2. HP: 11/19 MP: 2/2
   297 | D:1      | Found Ninazez's One-of-a-Kind Rings.
  1027 | D:1      | Reached XP level 3. HP: 18/24 MP: 3/3
  1593 | D:2      | Found a snail-covered altar of Cheibriados.
  1881 | D:2      | Reached XP level 4. HP: 29/29 MP: 4/4
  2281 | D:2      | Reached XP level 5. HP: 33/33 MP: 5/5
  2932 | D:3      | Found a hide-covered altar of Uskayaw.
  2980 | D:3      | Found a glowing drain.
  3016 | Sewer    | Entered a sewer
  3065 | Sewer    | Noticed Pargi
  3084 | Sewer    | Killed Pargi
  3085 | Sewer    | Reached skill level 1 in Evocations
  3085 | Sewer    | Reached XP level 6. HP: 9/38 MP: 6/6
  3740 | D:3      | Found an ornate altar of the Wu Jian Council.
  3911 | D:3      | Found a faded altar of an unknown god.
  4014 | D:3      | Noticed Natasha
  4022 | D:3      | Killed Natasha
  4309 | D:3      | Noticed Natasha
  4327 | D:3      | Killed Natasha
  4415 | D:3      | Noticed Natasha
  4423 | D:3      | Killed Natasha
  5065 | D:3      | Found a glowing golden altar of the Shining One.
  5346 | D:4      | Found a white marble altar of Elyvilon.
  5540 | D:4      | Reached XP level 7. HP: 34/44 MP: 7/7
  5623 | D:4      | Reached skill level 5 in Armour
  6022 | D:4      | Reached skill level 5 in Axes
  6102 | D:5      | Entered Level 5 of the Dungeon
  6308 | D:5      | Reached XP level 8. HP: 37/48 MP: 7/8
  6321 | D:5      | Slain by an ice beast

Illustrated notes

Levels and vault maps discovered:
D:1:      minmay_arrival_diagonal_passages, layout_basic,
          nicolae_shop_unique_rings
D:2:      minmay_door_path, layout_basic, serial_rivers,
          chequers_serial_rivers_small_b, chequers_serial_rivers_large_b,
          chequers_serial_rivers_large_a, chequers_serial_rivers_small_b,
          chequers_serial_rivers_marsh, chequers_serial_rivers_marsh,
          basic_altar
D:3:      layout_loops_corners, overflow_temple_1_default,
          nicolae_overflow_hidden_temple,
          mainiacjoe_overflow_concentric_impassable, portal_sewer_entry_c,
          shapermc_ecumenical_altar_starsandcircs, uniq_natasha
D:4:      minmay_spotlight, layout_loops_ring, mainiacjoe_overflow_catwalk
D:5:      layout_basic, minmay_fractal_squares_5

Skill      XL: |  1  2  3  4  5  6  7 |
---------------+----------------------+-----
Axes           | 2 3 4 5 |  5.2
Armour         | 4 5 |  5.2
Fighting       | 4 |  4.9
Evocations     | 1 2 |  2.9
Shields        | 4 |  4.5
Stealth        | |  0.2

Action                   |  1- 3 |  4- 6 |  7- 9 || total
-------------------------+-------+-------+-------++-------
Melee: War axe           |   100 |   233 |   105 ||   438
  Use: Scroll            |     1 |     4 |     5 ||    10
       Potion            |     2 |     1 |     3 ||     6
Armor: Scale mail        |    59 |   167 |    66 ||   292
Dodge: Dodged            |    64 |   128 |    34 ||   226
Block: Buckler           |    31 |    73 |    43 ||   147

Table legend: (Time is in decaauts)
 A = Elapsed time spent in this place.
 B = Non-inter-level travel time spent in this place.
 C = Inter-level travel time spent in this place.
 D = Time resting spent in this place.
 E = Time spent auto-exploring this place.
 F = Levels seen in this place.
 G = Mean time per level.
                   A        B        C        D        E       F      G
               +--------+--------+--------+--------+--------+-----+--------+
         Total |   6546 |   6519 |     27 |   1654 |   3692 |   6 | 1091.0 |
       Dungeon |   5851 |   5824 |     27 |   1219 |   3507 |   5 | 1170.2 |
         Sewer |    694 |    694 |      0 |    435 |    185 |   1 |  694.0 |
               +--------+--------+--------+--------+--------+-----+--------+

Top non-repeatable levels by time:
     D:3: 1622 daAuts
     D:1: 1566 daAuts
     D:2: 1470 daAuts
     D:4: 962 daAuts
   Sewer: 694 daAuts
     D:5: 229 daAuts
